 Dungeon Crawl Stone Soup version 0.18.1-50-g88ac8fd (webtiles) character file.

30679 zoopyjoobles the Carver (level 13, -3/101 HPs)
             Began as a Demonspawn Gladiator on Nov 1, 2016.
             Was the Champion of Makhleb.
             Killed from afar by Tymir's ghost (24 damage)
             ... with a bolt of negative energy
             ... on level 6 of the Lair of Beasts.
             The game lasted 00:36:21 (16408 turns).

zoopyjoobles the Carver (Demonspawn Gladiator)     Turns: 16408, Time: 00:36:22

Health: -3/101     AC: 12    Str: 19    XL:     13   Next: 21%
Magic:  0/21       EV: 20    Int: 10    God:    Makhleb [******]
Gold:   862        SH:  0    Dex: 15    Spells: 2 memorised, 10 levels left

rFire  + . .     SeeInvis .     a - +1 long sword
rCold  + . .     Gourm    .     M - +2 ring mail {rC+}
rNeg   . . .     Faith    .     (no shield)
rPois  .         Spirit   +     (helmet unavailable)
rElec  .         Dismiss  .     y - +0 cloak
rCorr  .         Reflect  .     (no gloves)
SustAt .         Harm     .     I - +2 pair of boots
MR     .....                    L - amulet of guardian spirit
Stlth  +.........               q - ring of protection from fire
                                x - +2 ring of evasion

@: heavily drained, not resistant to hostile enchantments, very unstealthy
A: horns 3, repulsion field 2, powered by death 1, spiny 2
a: Minor Destruction, Lesser Servant of Makhleb, Major Destruction, Greater
Servant of Makhleb, Renounce Religion


You were on level 6 of the Lair of Beasts.
You worshipped Makhleb.
Makhleb was exalted by your worship.
You were near starving.

You visited 3 branches of the dungeon, and saw 15 of its levels.
You also visited: Ice Cave.

You collected 862 gold pieces.

Inventory:

Hand Weapons
 a - a +1 long sword (weapon)
 F - a +0 great sword
 N - a +0 long sword
Missiles
 B - 5 throwing nets (quivered)
 Q - 4 javelins
Armour
 y - a +0 cloak (worn)
 z - a troll hide
 I - a +2 pair of boots (worn)
 M - a +2 ring mail of cold resistance (worn)
Jewellery
 k - a +3 amulet of reflection {unknown}
 l - an uncursed ring of sustain attributes
 q - a ring of protection from fire (right hand)
 x - a +2 ring of evasion (left hand)
 L - an amulet of guardian spirit (around neck)
 T - a +2 ring of intelligence
 W - an uncursed ring of flight
Wands
 b - a wand of confusion (36/48)
 r - a wand of iceblast (8/15)
 G - a wand of digging (5/24)
 H - a wand of flame (16/48)
 U - a wand of digging (12/24)
 Z - a wand of digging (20/24)
Scrolls
 m - a scroll of blinking
 o - 7 scrolls of remove curse
 p - 2 scrolls of amnesia
 t - 9 scrolls of identify
 u - 6 scrolls of fog
 v - 3 scrolls of enchant weapon
 D - a scroll of recharging
 O - a scroll of vulnerability
 X - 2 scrolls of teleportation
Potions
 c - 5 potions of brilliance
 d - a potion of ambrosia
 e - 11 potions of curing
 h - a potion of cancellation
 j - 2 potions of might
 s - 6 potions of heal wounds
 w - a potion of mutation
 A - a potion of cure mutation
 C - 2 potions of agility
 P - a potion of flight
Books
 E - a book of Burglary

   Spells                             Type                      Level
   a - Swiftness                      Charms/Air                   2
   b - Passwall                       Transmutation/Earth          2
   c - Passage of Golubria            Translocation                4
   d - Lee's Rapid Deconstruction     Earth                        5
   e - Darkness                       Hexes                        6
   f - Invisibility                   Hexes                        6
 J - a book of Party Tricks

   Spells                             Type                      Level
   a - Summon Butterflies             Summoning                    1
   b - Apportation                    Translocation                1
   c - Tukima's Dance                 Hexes                        3
   d - Alistair's Intoxication        Transmutation/Poison         5
   e - Invisibility                   Hexes                        6
 K - a book of Callings

   Spells                             Type                      Level
   a - Summon Small Mammal            Summoning                    1
   b - Call Imp                       Summoning                    2
   c - Call Canine Familiar           Summoning                    3
   d - Summon Guardian Golem          Hexes/Summoning              3
   e - Summon Lightning Spire         Summoning/Air                4
   f - Summon Ice Beast               Ice/Summoning                4
Comestibles
 f - 17 bread rations
 g - 10 meat rations
 i - a royal jelly
 R - 16 fruits
 S - 2 slices of pizza


   Skills:
 + Level 9.0(7.6) Fighting
 + Level 13.9(12.3) Long Blades
 - Level 1.7(0.6) Throwing
 - Level 7.1(5.8) Armour
 - Level 8.4(7.1) Dodging
 - Level 11.0(9.5) Invocations


You had 10 spell levels left.
You knew the following spells:

 Your Spells              Type           Power        Failure   Level  Hunger
a - Apportation           Tloc           #.........   65%         1    ##.....
b - Summon Butterflies    Summ           #.......     65%         1    ##.....


Dungeon Overview and Level Annotations

Branches:
Dungeon (8/15)             Temple (1/1) D:4            Lair (6/8) D:8
  Swamp (0/4) Lair:5        Snake (0/4) Lair:4
  Slime: Lair:6-8

Altars:
Ashenzari
Cheibriados
Dithmenos
Elyvilon
Fedhas
Kikubaaqudgha
Makhleb
Nemelex Xobeh
Okawaru
Pakellas
Qazlal
Ru
Sif Muna
Vehumet
Xom
Yredelemnul
Zin
The Shining One

Annotations:
Lair:6 exclusion: 2 oklob plants, Tymir's ghost, journeyman DrIE


Innate Abilities, Weirdness & Mutations

You have a pair of large horns on your head.
You are surrounded by a moderate repulsion field (EV +3).
You regenerate a little health from kills.
You are mostly covered in sharp spines.


Message History

Tymir's ghost resists.
Tymir's ghost is severely damaged.
You feel somewhat more hungry.
Tymir's ghost ripples.
Tymir's ghost mumbles some strange words.
Press: ? - help, Shift-Dir - straight line, f/p - Tymir's ghost
Aim: Tymir's ghost, wielding a weapon of distortion (severely damaged, repelling missiles)
The fireball explodes!
The fireball engulfs Tymir's ghost.
Tymir's ghost resists.
Tymir's ghost is severely damaged.
You are near starving!
Press: ? - help, Shift-Dir - straight line, f/p - Tymir's ghost
Aim: Tymir's ghost, wielding a weapon of distortion (severely damaged, repelling missiles)
The fireball explodes!
The fireball engulfs Tymir's ghost.
Tymir's ghost resists.
Tymir's ghost is almost destroyed.
You feel somewhat more hungry.
Tymir's ghost breathes negative energy at you.
The bolt of negative energy hits you!
You feel drained.
You die...

# #............... # ###
###.............. ###.#
##................
P.#.###....#......#.....
.................#......
......................P.
........................
........................
#...............@.......
.....P....#....Y......P.
.#..#....#.P..........PP
....##P........W.H....P.
........................
....P ..................
...P....................
....................P...
......................#.


You could see a hippogriff, an ice beast and Tymir's ghost.

Vanquished Creatures
  Harold (Lair:1)
  A hydra (Lair:3)
  A death yak (IceCv)
  Urug (Lair:1)
  A griffon (Lair:6)
  9 black mambas
  5 torpor snails (Lair:2)
  5 spiny frogs
  3 rime drakes
  10 komodo dragons
  8 polar bears (IceCv)
  A troll (D:6)
  Grinder (D:6)
  3 blink frogs (Lair:3)
  A spriggan (D:7)
  32 yaks
  2 basilisks
  4 hippogriffs
  6 vampire mosquitoes (Lair:5)
  11 water moccasins
  Duvessa (D:6)
  16 porcupines
  3 orc warriors
  3 phantoms
  A black bear (D:7)
  2 ice beasts
  7 ogres
  3 centaurs
  15 wolves
  13 crocodiles
  The ghost of Autismocles the Cudgeler, an amateur GrFi (D:3)
  11 giant frogs
  A gnoll sergeant (D:6)
  Dowan (D:6)
  2 scorpions (D:7)
  4 wights (D:8)
  2 howler monkeys
  3 crimson imps
  2 quasits
  A giant frog skeleton (D:6)
  3 hounds
  8 orc priests
  A gnoll shaman (D:4)
  6 orc wizards
  5 iguanas
  6 worker ants
  4 sheep (Lair:2)
  2 hound skeletons
  A howler monkey skeleton (D:8)
  13 gnolls
  15 adders
  27 river rats
  4 shadow imps
  12 white imps (Lair:5)
  2 oozes
  4 adder skeletons
  5 worms
  5 dart slugs
  6 giant geckos
  33 orcs
  6 giant cockroaches
  9 hobgoblins
  9 jackals
  6 kobolds
  7 quokkas
  6 ball pythons
  11 bats
  2 giant cockroach zombies (D:5)
  2 giant gecko skeletons
  6 giant newts
  11 goblins
  5 rats
  A plant (Lair:6)
441 creatures vanquished.

Vanquished Creatures (others)
  2 fungi (Lair:6)
  A plant (D:8)
3 creatures vanquished.

Grand Total: 444 creatures vanquished

Notes
Turn   | Place    | Note
--------------------------------------------------------------
     0 | D:1      | zoopyjoobles the Demonspawn Gladiator began the quest for the Orb.
     0 | D:1      | Reached XP level 1. HP: 16/16 MP: 1/1
    12 | D:1      | Noticed a merfolk zombie
    16 | D:1      | Noticed a minotaur zombie
    99 | D:1      | Reached skill level 3 in Long Blades
   615 | D:1      | Gained mutation: You are surrounded by a mild repulsion field (EV +2). [demonic ancestry]
   615 | D:1      | Reached XP level 2. HP: 22/22 MP: 2/2
  1108 | D:1      | Reached XP level 3. HP: 19/27 MP: 3/3
  1480 | D:1      | Reached skill level 4 in Long Blades
  2306 | D:2      | Gained mutation: You have a pair of small horns on your head. [demonic ancestry]
  2306 | D:2      | Reached XP level 4. HP: 33/33 MP: 4/4
  2481 | D:2      | Found an iron altar of Okawaru.
  2604 | D:2      | Found a stormy altar of Qazlal.
  2615 | D:2      | Found a radiant altar of Vehumet.
  2616 | D:2      | Found a deep blue altar of Sif Muna.
  2824 | D:3      | Noticed Autismocles's ghost (amateur GrFi)
  3008 | D:3      | Found a blossoming altar of Fedhas.
  3019 | D:3      | Reached skill level 5 in Long Blades
  3201 | D:3      | Gained mutation: You are surrounded by a moderate repulsion field (EV +3). [demonic ancestry]
  3201 | D:3      | Reached XP level 5. HP: 16/38 MP: 5/5
  3565 | D:3      | Killed Autismocles's ghost
  3565 | D:3      | Reached skill level 6 in Long Blades
  4017 | D:4      | Reached skill level 1 in Armour
  4017 | D:4      | Gained mutation: You have a pair of horns on your head. [demonic ancestry]
  4017 | D:4      | Reached XP level 6. HP: 40/44 MP: 6/6
  4344 | D:4      | Found a staircase to the Ecumenical Temple.
  4374 | Temple   | Entered the Ecumenical Temple
  4389 | Temple   | Became a worshipper of Makhleb the Destroyer
  4863 | D:4      | Reached XP level 7. HP: 32/50 MP: 7/7
  5398 | D:5      | Entered Level 5 of the Dungeon
  5509 | D:5      | Reached skill level 7 in Long Blades
  5729 | D:5      | Reached * piety under Makhleb
  5819 | D:5      | Found an ancient bone altar of Kikubaaqudgha.
  5898 | D:5      | Reached XP level 8. HP: 56/56 MP: 8/8
  6042 | D:5      | Reached skill level 5 in Armour
  6379 | D:6      | Reached skill level 8 in Long Blades
  6817 | D:6      | Noticed Grinder
  6826 | D:6      | Killed Grinder
  6847 | D:6      | Noticed a troll
  6867 | D:6      | Reached ** piety under Makhleb
  6876 | D:6      | Killed a troll
  6876 | D:6      | Reached skill level 9 in Long Blades
  6876 | D:6      | Gained mutation: You have a pair of large horns on your head. [demonic ancestry]
  6876 | D:6      | Reached XP level 9. HP: 29/61 MP: 9/9
  7039 | D:6      | Noticed Duvessa
  7063 | D:6      | Killed Duvessa
  7065 | D:6      | Noticed Dowan
  7073 | D:6      | Killed Dowan
  7875 | D:7      | Reached skill level 1 in Invocations
  8745 | D:7      | Reached *** piety under Makhleb
  9022 | D:7      | Found a shadowy altar of Dithmenos.
  9315 | D:8      | Reached skill level 10 in Long Blades
  9423 | D:8      | Reached skill level 5 in Invocations
  9423 | D:8      | Gained mutation: You are partially covered in sharp spines. [demonic ancestry]
  9423 | D:8      | Reached XP level 10. HP: 67/67 MP: 13/13
  9617 | D:8      | Found an oddly glowing altar of Pakellas.
  9803 | D:8      | Found a staircase to the Lair.
  9821 | D:8      | Reached skill level 5 in Dodging
 10146 | Lair:1   | Entered Level 1 of the Lair of Beasts
 10233 | Lair:1   | Reached **** piety under Makhleb
 10298 | Lair:1   | Noticed a spiny frog
 10308 | Lair:1   | Killed a spiny frog
 10539 | Lair:1   | Noticed a spiny frog
 10551 | Lair:1   | Killed a spiny frog
 10697 | Lair:1   | Noticed Harold
 10719 | Lair:1   | Killed Harold
 10719 | Lair:1   | Reached skill level 11 in Long Blades
 10801 | Lair:1   | Gained mutation: You regenerate a little health from kills. [demonic ancestry]
 10801 | Lair:1   | Reached XP level 11. HP: 69/72 MP: 13/17
 11103 | Lair:1   | Noticed Urug
 11133 | Lair:1   | Killed Urug
 11581 | Lair:2   | Reached ***** piety under Makhleb
 11819 | Lair:2   | Reached skill level 10 in Invocations
 12164 | Lair:2   | Found a snail-covered altar of Cheibriados.
 12444 | Lair:3   | Reached skill level 12 in Long Blades
 12699 | Lair:3   | Reached XP level 12. HP: 79/81 MP: 16/20
 13187 | Lair:3   | Noticed a six-headed hydra
 13199 | Lair:3   | Killed a six-headed hydra
 13647 | Lair:4   | Found a staircase to the Snake Pit.
 13667 | Lair:4   | Reached skill level 5 in Fighting
 14292 | Lair:4   | Reached skill level 13 in Long Blades
 14494 | Lair:5   | Learned a level 1 spell: Apportation
 14496 | Lair:5   | Learned a level 1 spell: Summon Butterflies
 14580 | Lair:5   | Found a frozen archway.
 14597 | Lair:5   | Reached ****** piety under Makhleb
 14649 | IceCv    | Entered an ice cave
 14955 | IceCv    | Noticed a death yak
 14969 | IceCv    | Killed a death yak
 15065 | IceCv    | Gained mutation: You are mostly covered in sharp spines. [demonic ancestry]
 15065 | IceCv    | Reached XP level 13. HP: 98/98 MP: 16/21
 15464 | Lair:5   | Found a staircase to the Swamp.
 16076 | Lair:6   | Noticed Tymir's ghost (journeyman DrIE)
 16408 | Lair:6   | Killed from afar by Tymir's ghost

Skill      XL: |  1  2  3  4  5  6  7  8  9 10 11 12 13 |
---------------+----------------------------------------+-----
Long Blades    | 3 4 5 6 7 9 10 11 12 13 | 13.9
Armour         | 1 2 4 6 7 |  7.1
Invocations    | 5 8 11 | 11.0
Dodging        | 4 6 8 |  8.4
Fighting       | 3 8 9 |  9.0
Throwing       | |  1.7

Action                   |  1- 3 |  4- 6 |  7- 9 | 10-12 | 13-15 || total
-------------------------+-------+-------+-------+-------+-------++-------
Melee: Long sword        |   162 |   192 |   396 |   746 |   138 ||  1634
       Headbutt          |       |    36 |    92 |   201 |    29 ||   358
Throw: Throwing net      |       |     1 |     5 |     3 |       ||     9
Invok: Minor Destruction |       |       |     6 |    19 |       ||    25
       Major Destruction |       |       |       |     4 |     5 ||     9
       Greater Servant o |       |       |       |       |     1 ||     1
Evoke: Wand              |       |       |     1 |       |       ||     1
  Use: Scroll            |       |     8 |     6 |    11 |     3 ||    28
       Potion            |       |     2 |     6 |       |       ||     8
 Stab: Held in net/web   |       |       |     1 |     1 |       ||     2
  Eat: Chunk             |     4 |     7 |    15 |    14 |     4 ||    44
       Pizza             |       |     1 |       |       |       ||     1
       Meat ration       |       |       |       |     1 |       ||     1
       Fruit             |       |       |       |     1 |       ||     1
Armor: Leather armour    |    56 |    16 |       |       |       ||    72
       Ring mail         |       |    32 |    98 |   140 |    27 ||   297
Dodge: Dodged            |   153 |   170 |   334 |   607 |   109 ||  1373
